 Dungeon Crawl Stone Soup version 0.24.0-10-g970556be89 (console) character file.

Game seed: 16942567897829074172, levelgen mode: deterministic

973 AlterAsc the Insei (level 8, -7/45 HPs)
             Began as a Tengu Transmuter on Nov 3, 2019.
             Was a Believer of Cheibriados.
             Shot with an arrow by a centaur (10 damage)
             ... on level 7 of the Dungeon.
             The game lasted 00:17:33 (7174 turns).

AlterAsc the Insei (Tengu Transmuter)               Turns: 7174, Time: 00:17:34

Health: -7/45      AC:  2    Str: 17    XL:     8   Next: 16%
Magic:  9/16       EV: 15    Int: 19    God:    Cheibriados [**....]
Gold:   273        SH:  0    Dex: 20    Spells: 13/17 levels left

rFire    + . .     SeeInvis .     - Unarmed
rCold    . . .     Gourm    .   (no shield)
rNeg     . . .     Faith    .   b - +0 robe
rPois    +         Spirit   .   (helmet restricted)
rElec    .         Reflect  .   (no cloak)
rCorr    .         Harm     .   (no gloves)
MR       .....                  (boots unavailable)
Stlth    ++........             (no amulet)
HPRegen  0.15/turn              u - ring of poison resistance
MPRegen  0.15/turn              v - ring of protection from fire

@: flying quickly and evasively, very slightly contaminated, drained, very slow
A: beak, talons 3, able to fly
a: Stop Flying, Bend Time, Renounce Religion


You were on level 7 of the Dungeon.
You worshipped Cheibriados.
Cheibriados was pleased with you.
You were not hungry.

You visited 1 branch of the dungeon, and saw 7 of its levels.

You collected 273 gold pieces.

Inventory:

Missiles
 a - 69 arrows
 n - 151 stones (quivered)
Armour
 b - a +0 robe (worn)
 l - a cursed +0 scale mail
 r - a +0 leather armour
Jewellery
 o - an uncursed amulet of rage
 u - a ring of poison resistance (left hand)
 v - a ring of protection from fire (right hand)
Wands
 t - a wand of flame (12)
Scrolls
 c - 3 scrolls of remove curse
 e - a scroll of random uselessness {unknown}
 f - 3 scrolls of enchant armour
 g - a scroll of noise
 h - 3 scrolls of identify
 j - 2 scrolls of magic mapping {unknown}
 k - 2 scrolls of teleportation {unknown}
 m - a scroll of blinking {unknown}
 q - a scroll of immolation {unknown}
 s - a scroll of enchant weapon {unknown}
 w - 2 scrolls of amnesia {unknown}
Potions
 i - 2 potions of curing
 p - a potion of lignification {unknown}
 x - a potion of mutation {unknown}
 z - a potion of haste {unknown}
 A - a potion of brilliance {unknown}
Comestibles
 d - 8 rations


   Skills:
 + Level 2.7(1.6) Fighting
 - Level 3.0(1.9) Dodging
 + Level 5.7(4.5) Unarmed Combat
 + Level 5.1(3.9) Spellcasting
 + Level 4.5(3.3) Transmutations


You had 13 spell levels left.
You knew the following spells:

 Your Spells              Type           Power        Failure   Level  Hunger
a - Beastly Appendage     Tmut           ###...       3%          1    None
b - Spider Form           Tmut/Pois      ##........   21%         3    ###....

Your spell library contained the following spells:

 Spells                   Type           Power        Failure   Level  Hunger
 Sticks to Snakes         Tmut           ###.....     5%          2    ##.....
 Freeze                   Ice            #...         14%         1    None
 Summon Small Mammal      Summ           #...         14%         1    None
 Call Imp                 Summ           #.......     22%         2    ##.....
 Throw Frost              Conj/Ice       #.....       22%         2    ##.....
 Call Canine Familiar     Summ           #.......     38%         3    ###....
 Ozocubu's Armour         Chrm/Ice       #.......     38%         3    ###....
 Summon Guardian Golem    Hex/Summ       #.......     38%         3    ###....
 Ice Form                 Ice/Tmut       ##......     56%         4    ####...
 Blade Hands              Tmut           ###.......   67%         5    ######.
 Summon Ice Beast         Ice/Summ       #.......     80%         4    ####...
 Summon Lightning Spire   Summ/Air       #.......     80%         4    ####...
 Throw Icicle             Conj/Ice       #.......     80%         4    ####...


Dungeon Overview and Level Annotations

Branches:
Dungeon (7/15)             Temple (0/1) D:5

Altars:
Cheibriados
Elyvilon
Hepliaklqana

Annotations:
D:7 RandomHacker's ghost, novice GnWn


Innate Abilities, Weirdness & Mutations

You have a beak for a mouth.
You have claws for feet.
You can fly continuously.


Message History

Your transformation has ended.
Your +0 robe unmelds from your body.
The centaur shouts!
An orc comes into view.
The sky beast flickers out of sight!
Deactivating autopickup; reactivate with Ctrl-A.
An adder comes into view.
A centaur comes into view.
Something barely misses you.
The centaur wields a +0 shortbow.
The centaur shoots an arrow.
The arrow hits you but does no damage. Something barely misses you.
You see here an arrow.
The orc misses you.
There is a stone staircase leading up here.
You feel better.
The centaur shoots an arrow.
The arrow hits you. Something barely misses you. The orc completely misses you.
The centaur wields a +0 shortbow.
The centaur shoots an arrow.
The arrow hits you!
* * * LOW HITPOINT WARNING * * *
The centaur shoots an arrow.
The arrow hits you!
You die...

o# .# c# .#
####### .#
.......####.#
##........o.#
.........o.#
.......@{c.#
...........#
........†..#
...........#
...........#
##.#.##.Sc#.
#.#. #.#...#
# #. #.#..##.
#. .##...


You could see 2 centaurs, an adder (wandering) and 2 orcs.

Vanquished Creatures
  2 ogres
  3 wights (D:6)
  2 howler monkeys
  2 bullfrog zombies (D:6)
  2 hounds
  2 jellies (D:5)
  An orc priest (D:5)
  An orc wizard (D:5)
  An iguana (D:5)
  4 worker ants
  8 adders
  3 gnolls (D:5)
  4 oozes
  8 worms
  2 dart slugs
  7 leopard geckos
  15 orcs
  8 bats
  A giant cockroach (D:2)
  5 goblins
  6 hobgoblins
  11 jackals
  3 quokkas
  4 ball pythons
  6 frilled lizards
  A jackal skeleton (D:5)
  4 kobolds
  2 quokka skeletons (D:5)
  6 rats
124 creatures vanquished.

Notes
Turn   | Place    | Note
-------+----------+-------------------------------------------
     0 | D:1      | AlterAsc the Tengu Transmuter began the quest for the Orb.
     0 | D:1      | Reached XP level 1. HP: 12/12 MP: 4/4
   257 | D:1      | Reached XP level 2. HP: 8/16 MP: 6/6
  1366 | D:2      | Reached XP level 3. HP: 20/20 MP: 5/7
  1750 | D:2      | HP: 1/20 [adder (2)]
  2024 | D:2      | Reached XP level 4. HP: 25/25 MP: 8/8
  3587 | D:3      | Gained mutation: You can fly continuously. [Tengu growth]
  3587 | D:3      | Reached XP level 5. HP: 30/30 MP: 8/10
  3708 | D:3      | Found a snail-covered altar of Cheibriados.
  3721 | D:3      | Became a worshipper of Cheibriados the Contemplative
  4266 | D:4      | Found a hazy altar of Hepliaklqana.
  4278 | D:4      | Noticed an ogre
  4368 | D:4      | Found a white marble altar of Elyvilon.
  4591 | D:4      | Reached XP level 6. HP: 20/35 MP: 9/12
  4968 | D:4      | Reached * piety under Cheibriados
  5328 | D:5      | Entered Level 5 of the Dungeon
  5328 | D:5      | Found a staircase to the Ecumenical Temple.
  5386 | D:5      | Learned a level 3 spell: Spider Form
  5413 | D:5      | Reached XP level 7. HP: 15/40 MP: 7/14
  5554 | D:5      | Found a glowing drain.
  5578 | D:5      | Reached skill level 5 in Unarmed Combat
  6230 | D:5      | Reached ** piety under Cheibriados
  7122 | D:6      | Reached XP level 8. HP: 45/45 MP: 14/16
  7133 | D:6      | Reached skill level 5 in Spellcasting
  7163 | D:7      | Noticed RandomHacker's ghost (novice GnWn)
  7174 | D:7      | Shot with an arrow by a centaur

Levels and vault maps discovered:
D:1:      tarquinn_simple_flora_water_e, layout_loops_corners
D:2:      layout_basic, first_ration, hangedman_decor_points,
          serial_bayou_pond_e
D:3:      layout_rooms, cheibriados_altar_1
D:4:      layout_loops_cross, lemuel_crystal_altar, lemuel_doored_altar
D:5:      kennysheep_big_flooded_room, layout_rooms,
          minmay_temple_entry_purple_smoke, cheibrodos_sewer_entry_drain,
          grunt_decor_one_mirror
D:6:      layout_rooms, serial_shops, shop, amethyst_killhole, uniq_sigmund,
          uniq_eustachio
D:7:      layout_basic, fedhas_bush_and_centaur_altar, serial_shops,
          nicolae_shop_trees, shop, shop, nicolae_shop_behind_doors,
          hellmonk_ghost_happy_afterlife, grunt_ogre_cave, nemelex_altar_shiori

Skill      XL: |  1  2  3  4  5  6  7  8 |
---------------+-------------------------+-----
Transmutations | 2 3 4 |  4.5
Unarmed Combat | 4 5 |  5.7
Spellcasting   | 3 4 5 |  5.1
Fighting       | 2 |  2.7
Dodging        | 3 |  3.0

Action                   |  1- 3 |  4- 6 |  7- 9 || total
-------------------------+-------+-------+-------++-------
Melee: Unarmed           |    94 |   173 |   141 ||   408
       Kick              |    22 |    37 |    14 ||    73
       Peck              |     6 |    23 |     8 ||    37
       Headbutt          |     6 |    11 |     3 ||    20
       Punch             |       |     2 |     2 ||     4
Throw: Stone             |       |    10 |       ||    10
 Cast: Beastly Appendage |    19 |    31 |     3 ||    53
       Spider Form       |       |     1 |    14 ||    15
 Abil: Fly               |       |     1 |       ||     1
  Use: Potion            |     1 |       |     3 ||     4
       Scroll            |       |     6 |       ||     6
 Stab: Sleeping          |     1 |       |       ||     1
  Eat: Chunk             |     4 |     7 |     4 ||    15
       Ration            |       |     1 |       ||     1
Armor: Robe              |    16 |    20 |     2 ||    38
       Skin              |       |       |     4 ||     4
Dodge: Dodged            |    61 |   112 |   167 ||   340
